 Dungeon Crawl Stone Soup version 0.28.0-45-g0d030f2227 (webtiles) character file.

Game seed: 97116538349482320

1145 101zpm the Cudgeller (level 8, -2/49 HPs)
             Began as a Gargoyle Fighter on Apr 10, 2022.
             Slain by a bullfrog (6 damage)
             ... on level 7 of the Dungeon.
             The game lasted 00:07:24 (6781 turns).

101zpm the Cudgeller (Gargoyle Fighter)             Turns: 6781, Time: 00:07:24

Health: -2/49      AC: 15    Str: 23    XL:     8   Next: 37%
Magic:  8/8        EV: 10    Int:  8    God:
Gold:   188        SH:  4    Dex:  9    Spells: 7/7 levels left

rFire   . . .      SeeInvis .   a - +0 flail
rCold   . . .      Faith    .   c - +0 buckler
rNeg    + . .      Spirit   .   b - +0 scale mail
rPois   ∞          Reflect  .   p - +0 helmet
rElec   +          Harm     .   C - +0 cloak
rCorr   .          Rampage  .   (no gloves)
Will    .....                   (no boots)
Stlth   ..........              (no amulet)
HPRegen 0.16/turn               (no ring)
MPRegen 0.11/turn               (no ring)

@: no status effects
A: sickness immunity, AC +5, negative energy resistance 1, electricity
resistance, torment resistance 1, petrification resistance
a: no special abilities


You were on level 7 of the Dungeon.
You visited 1 branch of the dungeon, and saw 7 of its levels.

You collected 188 gold pieces.

Inventory:

Hand Weapons
 a - a +0 flail (weapon)
 t - a +3 hunting sling
Missiles
 k - 303 stones (quivered)
 l - 70 sling bullets
Armour
 b - a +0 scale mail (worn)
 c - a +0 buckler (worn)
 p - a +0 helmet (worn)
 C - a +0 cloak (worn)
Jewellery
 w - a +4 ring of evasion
 D - the ring "Dajeliok" {Ice rElec Slay+3 SInv}
   (You found it on level 5 of the Dungeon)

   [ring of ice]

   It enhances your ice magic.
   Slay:      It affects your accuracy & damage with ranged weapons and melee
   (+3).
   rF:        It makes you vulnerable to fire.
   rC:        It protects you from cold.
   rElec:     It insulates you from electricity.
   SInv:      It lets you see invisible.
Wands
 y - a wand of digging (4)
Scrolls
 f - 2 scrolls of torment {unknown}
 g - 6 scrolls of identify {unknown}
 i - a scroll of vulnerability {unknown}
 j - 2 scrolls of blinking {unknown}
 n - a scroll of immolation {unknown}
 q - a scroll of teleportation {unknown}
 r - 2 scrolls of enchant weapon {unknown}
 s - a scroll of holy word {unknown}
 v - a scroll of enchant armour {unknown}
 x - a scroll of brand weapon {unknown}
Potions
 d - a potion of might
 e - a potion of brilliance {unknown}
 h - a potion of curing {unknown}
 m - a potion of haste {unknown}
 o - 3 potions of flight {unknown}
 u - a potion of berserk rage {unknown}
 z - a potion of heal wounds {unknown}
 A - 2 potions of mutation {unknown}
 B - a potion of resistance {unknown}


   Skills:
 + Level 5.2 Fighting
 + Level 6.1 Maces & Flails
 + Level 2.6 Slings
 + Level 5.5 Armour
 + Level 2.1 Dodging
 + Level 0.8 Stealth
 + Level 4.4 Shields


You had 7 spell levels left.
You didn't know any spells.
Your spell library contained the following spells:

 Spells                   Type           Power      Damage    Failure   Level
 Animate Dead             Necr           0%         N/A       100%        4
 Borgnjor's Vile Clutch   Necr/Erth      0%         N/A       100%        5
 Death Channel            Necr           0%         N/A       100%        6


Dungeon Overview and Level Annotations

Branches:
Dungeon (7/15)             Temple (0/1) D:5

Altars:
Elyvilon


Innate Abilities, Weirdness & Mutations

You are immune to sickness and miasma.
Your stone body is resilient. (AC +5)
You are immune to poison.
You resist negative energy. (rN+)
You are resistant to electric shocks. (rElec)
You are resistant to unholy torment.
You are immune to petrification.


Message History

The bullfrog barely misses you.
The centaur hits you from afar with a +0 spear!
* * * LOW HITPOINT WARNING * * *
You closely miss the bullfrog.
The bullfrog hits you but does no damage.
The centaur hits you from afar with a +0 spear.
* * * LOW HITPOINT WARNING * * *
The bullfrog hits you.
* * * LOW HITPOINT WARNING * * *
The centaur closely misses you. The bullfrog barely misses you.
The bullfrog hits you but does no damage.
You block the centaur's attack.
The bullfrog snags a nearby hornet with its tongue.
The centaur unwields a +0 spear.
The centaur wields a +0 shortbow.
The centaur shoots an arrow.
The arrow hits you.
* * * LOW HITPOINT WARNING * * *
The bullfrog hits you.
* * * LOW HITPOINT WARNING * * *
The bullfrog barely misses you.
The bullfrog hits you but does no damage.
There is a stone staircase leading down here.
The bullfrog closely misses you.
You climb downwards.
There is a stone staircase leading up here.
You hit the bullfrog.
The bullfrog is lightly wounded.
The bullfrog hits you but does no damage.
The bullfrog barely misses you.
You hit the bullfrog.
The bullfrog is moderately wounded.
The bullfrog hits you but does no damage.
You closely miss the bullfrog.
The bullfrog is moderately wounded.
The bullfrog hits you but does no damage.
You block the bullfrog's attack.
You sock the bullfrog!
The bullfrog is almost dead.
The bullfrog hits you.
You die...

#### ..# #
#.#####F#.#
#......@..#
###########


You could see a bullfrog.

Vanquished Creatures
  A water moccasin (D:3)
  3 ice beasts (D:5)
  A black bear (D:5)
  An ogre (D:5)
  A kobold brigand (D:4)
  2 scorpions (D:5)
  A bullfrog zombie (D:6)
  A hound (D:4)
  2 jellies
  A centaur skeleton (D:4)
  3 hound skeletons
  Robin (D:2)
  A howler monkey skeleton (D:4)
  5 adders
  An adder zombie (D:4)
  4 worms (D:5)
  3 dart slugs
  5 orcs (D:5)
  5 ball pythons
  8 bats
  5 endoplasms
  6 giant cockroaches
  19 goblins
  12 hobgoblins
  2 jackals (D:5)
  7 quokkas
  12 frilled lizards
  8 kobolds
  7 rats
128 creatures vanquished.

Notes
Turn   | Place    | Note
-------+----------+-------------------------------------------
     0 | D:1      | 101zpm the Gargoyle Fighter began the quest for the Orb.
     0 | D:1      | Reached XP level 1. HP: 14/14 MP: 1/1
    63 | D:1      | Reached XP level 2. HP: 16/19 MP: 2/2
   596 | D:1      | Reached XP level 3. HP: 19/23 MP: 3/3
  1538 | D:2      | Noticed Robin
  1541 | D:2      | Reached XP level 4. HP: 25/28 MP: 4/4
  1849 | D:2      | Killed Robin
  1850 | D:2      | Reached skill level 3 in Maces & Flails
  2962 | D:3      | Reached XP level 5. HP: 33/33 MP: 5/5
  2963 | D:3      | Noticed a water moccasin
  2975 | D:3      | Killed a water moccasin
  2976 | D:3      | Reached skill level 1 in Slings
  2976 | D:3      | Reached skill level 1 in Dodging
  3192 | D:3      | Found a faded altar of an unknown god.
  3287 | D:3      | Reached XP level 6. HP: 38/38 MP: 6/6
  4664 | D:4      | Reached skill level 4 in Maces & Flails
  4801 | D:4      | Reached XP level 7. HP: 44/44 MP: 7/7
  5099 | D:5      | Entered Level 5 of the Dungeon
  5129 | D:5      | Found a staircase to the Ecumenical Temple.
  5373 | D:5      | Identified the ring "Dajeliok" {Ice rElec Slay+3 SInv}
  5602 | D:5      | Found a white marble altar of Elyvilon.
  5702 | D:5      | Reached skill level 5 in Armour
  5720 | D:5      | Reached skill level 5 in Maces & Flails
  6046 | D:5      | Reached XP level 8. HP: 35/48 MP: 8/8
  6074 | D:5      | Reached skill level 5 in Fighting
  6663 | D:6      | Reached skill level 6 in Maces & Flails
  6771 | D:6      | HP: 2/49 [bullfrog (4)]
  6781 | D:7      | Slain by a bullfrog

Illustrated notes

Levels and vault maps discovered:
D:1:      roderic_octagonal_star, layout_loops_cross, minmay_lizard_pond
D:2:      layout_basic, minmay_increasing_density, uniq_robin
D:3:      layout_basic, shapermc_ecumenical_altar_totnotflames
D:4:      minmay_angry_zag, layout_cave_pods
D:5:      layout_gridville, kennysheep_mini_moat, minmay_temple_entry_ruins,
          st_stairs_3, roderic_three_in_a_row, serial_bayou_pond_e,
          nicolae_wormholes
D:6:      minmay_thinvault, layout_rooms
D:7:      layout_basic, old_standard_altar, grunt_ministairs_2, uniq_pikel

Skill      XL: |  1  2  3  4  5  6  7  8 |
---------------+-------------------------+-----
Armour         | 4 5 |  5.5
Maces & Flails | 3 4 5 6 |  6.1
Fighting       | 4 5 |  5.2
Slings         | 1 2 |  2.6
Dodging        | 1 2 |  2.1
Shields        | 4 |  4.4
Stealth        | |  0.8

Action                   |  1- 3 |  4- 6 |  7- 9 || total
-------------------------+-------+-------+-------++-------
Melee: Flail             |   134 |   139 |   195 ||   468
 Fire: Hunting sling     |       |    66 |       ||    66
Armor: Scale mail        |    70 |   115 |   151 ||   336
Dodge: Dodged            |    75 |   112 |   132 ||   319
Block: Buckler           |    22 |    50 |    54 ||   126
